 Dungeon Crawl Stone Soup version 0.26.0-10-g1f06aea511 (webtiles) character file.

Game seed: 7275579339919474083

2650 Arzdou the Cleaver (level 9, -4/81 HPs)
             Began as a Hill Orc Fighter on Feb 2, 2021.
             Was a Priest of Okawaru.
             Slain by a two-headed ogre
             ... wielding a +0 giant spiked club
              (28 damage)
             ... on level 7 of the Dungeon.
             The game lasted 00:18:43 (8082 turns).

Arzdou the Cleaver (Hill Orc Fighter)               Turns: 8082, Time: 00:18:43

Health: -4/81      AC: 17    Str: 21    XL:     9   Next: 62%
Magic:  0/9        EV:  5    Int:  8    God:    Okawaru [***...]
Gold:   455        SH: 10    Dex: 11    Spells: 8/8 levels left

rFire    . . .     SeeInvis .   a - +0 war axe
rCold    . . .     Faith    .   c - +0 kite shield
rNeg     . . .     Spirit   .   j - +0 plate armour
rPois    .         Reflect  .   (no helmet)
rElec    .         Harm     .   D - +2 cloak
rCorr    +         Rampage  .   v - +0 pair of gloves
Will     .....                  (no boots)
Stlth    ..........             (no amulet)
HPRegen  0.23/turn              k - ring of resist corrosion
MPRegen  0.11/turn              (no ring)

@: no status effects
A: no striking features
a: Renounce Religion, Heroism


You were on level 7 of the Dungeon.
You worshipped Okawaru.
Okawaru was most pleased with you.
You visited 2 branches of the dungeon, and saw 8 of its levels.
You also visited: Sewer and Ossuary.

You collected 455 gold pieces.

Inventory:

Hand Weapons
 a - a +0 war axe (weapon)
Armour
 c - a +0 kite shield (worn)
 j - a +0 plate armour (worn)
 p - a +0 chain mail of poison resistance
 v - a +0 pair of gloves (worn)
 D - a +2 cloak (worn)
Jewellery
 k - a ring of resist corrosion (left hand)
Wands
 l - a wand of acid (16)
 m - a wand of flame (24)
 C - a wand of iceblast (10)
 E - a wand of polymorph (5)
Scrolls
 e - 5 scrolls of remove curse
 g - a scroll of amnesia
 h - a scroll of random uselessness {unknown}
 i - 9 scrolls of teleportation
 n - a scroll of noise {unknown}
 o - a scroll of enchant armour {unknown}
 s - a scroll of fear
 t - a scroll of blinking {unknown}
 w - 2 scrolls of identify
 x - a scroll of enchant weapon {unknown}
 y - 3 scrolls of immolation {unknown}
 B - a scroll of fog {unknown}
Potions
 b - 3 potions of heal wounds
 d - 8 potions of curing
 f - a potion of ambrosia
 q - 3 potions of flight
 r - a potion of invisibility {unknown}
 u - 4 potions of degeneration
 z - a potion of attraction
 A - a potion of magic {unknown}
 F - a potion of haste {unknown}


   Skills:
 + Level 7.8 Fighting
 * Level 10.7 Axes
 + Level 7.1 Armour
 + Level 7.1 Shields


You had 8 spell levels left.
You didn't know any spells.
Your spell library was empty.

Dungeon Overview and Level Annotations

Branches:
Dungeon (7/15)             Temple (1/1) D:5           Sewer (visited)
Ossuary (visited)

Altars:
Ashenzari
Cheibriados
Dithmenos
Elyvilon
Fedhas
Gozag
Hepliaklqana
Kikubaaqudgha
Makhleb
Nemelex Xobeh
Okawaru
Qazlal
Ru
Sif Muna
Trog
Uskayaw
Wu Jian
Xom
Yredelemnul
Zin
The Shining One


Message History

The two-headed ogre is lightly wounded.
You slash the orc!
You kill the orc!
Okawaru accepts your kill.
You closely miss the orc. You block the orc's attack.
The two-headed ogre hits you with a +0 giant spiked club!
The two-headed ogre hits you with a +0 giant club!
The eye of draining gazes at you.
You feel your power leaking away. You block the orc's attack.
Items here: )) ††.
The orc hits you but does no damage. The eye of draining gazes at you.
You feel your power leaking away.
The orc hits you from afar with a +0 trident.
* * * LOW HITPOINT WARNING * * *
The eye of draining gazes at you.
You see here a howler monkey skeleton.
The two-headed ogre hits you with a +0 giant spiked club!!
You die...

###########
.......@÷.######
........O.#....##.
........o.#.......
...)......#.......
.....G..).+.......
........)..#########
.......)............
....###+##..........
...#...............


You could see a two-headed ogre, an eye of draining and an orc.

Vanquished Creatures
  Grinder (D:3)
  An orc warrior (D:6)
  An ice beast (D:6)
  A sky beast (D:5)
  An ogre (D:6)
  A phantom (D:7)
  2 bullfrogs
  4 elf zombies (Ossuary)
  4 scorpions
  5 wights (D:6)
  3 centaur zombies
  4 howler monkeys
  A hound (D:4)
  A jelly (D:6)
  2 orc wizards
  Crazy Yiuf (D:5)
  2 gnoll shamans
  2 orc priests
  3 bullfrog skeletons
  Ijyb (D:3)
  2 worker ants
  2 big kobold zombies (Ossuary)
  2 hound zombies (Ossuary)
  A hound skeleton (D:7)
  3 mummies (Ossuary)
  16 gnolls
  10 adders
  A white imp (D:5)
  An ufetubus (D:6)
  5 oozes (Sewer)
  An adder skeleton (D:6)
  3 adder zombies
  3 worms
  3 leopard geckos
  21 orcs
  11 bats
  4 giant cockroaches
  3 gnoll zombies (Ossuary)
  5 hobgoblins
  15 jackals
  10 kobolds
  2 quokkas
  4 ball pythons
  4 frilled lizards
  5 goblins
  3 goblin zombies (Ossuary)
  3 hobgoblin zombies (Ossuary)
  A jackal skeleton (D:5)
  4 jackal zombies (Ossuary)
  A kobold zombie (Ossuary)
  2 quokka zombies (Ossuary)
  8 rats
  7 rat zombies (Ossuary)
207 creatures vanquished.

Vanquished Creatures (others)
  A fungus (D:5)
  3 withered plants (D:5)
4 creatures vanquished.

Grand Total: 211 creatures vanquished

Notes
Turn   | Place    | Note
-------+----------+-------------------------------------------
     0 | D:1      | Arzdou the Hill Orc Fighter began the quest for the Orb.
     0 | D:1      | Reached XP level 1. HP: 19/19 MP: 1/1
   347 | D:1      | Reached XP level 2. HP: 27/27 MP: 2/2
   395 | D:1      | Reached skill level 3 in Axes
   768 | D:2      | Reached XP level 3. HP: 32/33 MP: 3/3
  1349 | D:2      | Found an iron altar of Okawaru.
  1354 | D:2      | Reached XP level 4. HP: 35/40 MP: 4/4
  1695 | D:3      | Reached skill level 4 in Axes
  1903 | D:3      | Noticed Grinder
  1910 | D:3      | Paralysed by Grinder for 6 turns
  1989 | D:3      | Reached XP level 5. HP: 34/47 MP: 5/5
  2120 | D:3      | Noticed Ijyb
  2144 | D:3      | Killed Ijyb
  2383 | D:3      | Killed Grinder
  2384 | D:3      | Reached skill level 5 in Fighting
  2384 | D:3      | Reached skill level 5 in Axes
  2384 | D:3      | Reached XP level 6. HP: 10/56 MP: 6/6
  3000 | D:4      | Found an opulent altar of Gozag.
  3157 | D:4      | Reached skill level 6 in Axes
  3157 | D:4      | Found a glowing drain.
  3166 | Sewer    | Entered a sewer
  3495 | Sewer    | Reached XP level 7. HP: 59/61 MP: 7/7
  3817 | D:4      | Reached skill level 5 in Shields
  3972 | D:4      | Reached skill level 5 in Armour
  4118 | D:2      | Became a worshipper of Warmaster Okawaru
  4647 | D:5      | Entered Level 5 of the Dungeon
  4660 | D:5      | Reached skill level 7 in Axes
  5050 | D:5      | Reached XP level 8. HP: 70/70 MP: 8/8
  5156 | D:5      | Reached * piety under Okawaru
  5160 | D:5      | Found an ancient bone altar of Kikubaaqudgha.
  5255 | D:5      | Found a runed translucent door.
  5256 | D:5      | Noticed Crazy Yiuf
  5389 | D:5      | Found a staircase to the Ecumenical Temple.
  5614 | D:5      | Reached skill level 8 in Axes
  5751 | D:5      | Killed Crazy Yiuf
  5829 | Temple   | Entered the Ecumenical Temple
  6788 | D:6      | Found a broken altar of Ashenzari.
  6967 | D:6      | Reached skill level 9 in Axes
  7022 | D:6      | Found a sacrificial altar of Ru.
  7022 | D:6      | Found a glowing golden altar of the Shining One.
  7051 | D:6      | Reached ** piety under Okawaru
  7052 | D:6      | Reached XP level 9. HP: 65/79 MP: 9/9
  7610 | D:7      | Reached skill level 10 in Axes
  7610 | D:7      | Found a sand-covered staircase.
  7625 | D:7      | Found a shimmering blue altar of Sif Muna.
  7627 | Ossuary  | Entered an ossuary
  7875 | Ossuary  | Reached *** piety under Okawaru
  8068 | D:7      | Noticed a two-headed ogre
  8082 | D:7      | Slain by a two-headed ogre

Illustrated notes

Levels and vault maps discovered:
D:1:      zelgadis_glass_arrival_small, layout_loops_ring
D:2:      layout_basic, okawaru_altar_gauntlet_db
D:3:      layout_loops_ring, uniq_ijyb, uniq_grinder
D:4:      layout_basic, nicolae_gozag_seed_capital, portal_sewer_entry_d
D:5:      layout_cave_pods, kiku_gazebo_garden_becter, lemuel_temple_firewalk_b,
          hex_large, uniq_crazy_yiuf_cottage
D:6:      layout_rooms, grunt_temple_overflow_open, evilmike_ruin_ashenzari
D:7:      layout_gridville, fiery_altar_vehumet, basic_altar, enter_ossuary_1,
          grunt_tough_drop, uniq_prince_ribbit1, uniq_menkaure
Temple:   minmay_temple_bridge_d

Skill      XL: |  1  2  3  4  5  6  7  8  9 |
---------------+----------------------------+-----
Axes           | 3 4 5 6 7 9 10 | 10.7
Fighting       | 4 5 6 7 |  7.8
Shields        | 4 5 6 7 |  7.1
Armour         | 4 5 6 7 |  7.1

Action                   |  1- 3 |  4- 6 |  7- 9 || total
-------------------------+-------+-------+-------++-------
Melee: War axe           |    85 |   170 |   556 ||   811
  Use: Scroll            |       |     5 |     5 ||    10
       Potion            |       |     1 |     1 ||     2
Armor: Scale mail        |    32 |       |       ||    32
       Plate armour      |    18 |   109 |   302 ||   429
Dodge: Dodged            |    26 |    25 |    72 ||   123
Block: Kite shield       |    56 |    85 |   291 ||   432
